 Dungeon Crawl Stone Soup version 0.29-a0-321-gf1c400731a (webtiles) character file.

Game seed: 11041631916790346386

564 Dabor the Stinger (level 7, -3/45 HPs)
             Began as an Octopode Transmuter on Apr 3, 2022.
             Shot with an arrow by a centaur (9 damage)
             ... on level 5 of the Dungeon.
             The game lasted 00:08:10 (4342 turns).

Dabor the Stinger (Octopode Transmuter)             Turns: 4342, Time: 00:08:10

Health: -3/45      AC:  5    Str:  9      XL:     7   Next: 32%
Magic:  11/11      EV: 13    Int: 15 (16) God:
Gold:   274        SH:  6    Dex: 14      Spells: 6/12 levels left

rFire   . . .      SeeInvis .     - Unarmed
rCold   . . .      Faith    .   h - +3 warlock's mirror {reflect}
rNeg    . . .      Spirit   .   (helmet restricted)
rPois   +          Reflect  +   (no amulet)
rElec   .          Harm     .   f - ring of poison resistance
rCorr   .          Rampage  .   k - +4 ring of protection
Will    .....                   (no ring)
Stlth   +++.......              (no ring)
HPRegen 0.15/turn               (no ring)
MPRegen 0.12/turn               (no ring)
                                (no ring)
                                (no ring)

@: no status effects
A: almost no armour, amphibious, 8 rings, camouflage 1, gelatinous body 1,
(nimble swimmer 1), tentacles
a: no special abilities


You were on level 5 of the Dungeon.
You visited 1 branch of the dungeon, and saw 5 of its levels.

You collected 274 gold pieces.

Inventory:

Missiles
 g - 2 boomerangs
 j - a javelin
Armour
 h - the +3 warlock's mirror (worn) {reflect}
   (You acquired it on level 4 of the Dungeon)

   It can block and reflect piercing ranged attacks and magical attacks against
   the wielder's willpower.
Magical Staves
 l - a staff of cold
Jewellery
 f - a ring of poison resistance (left tentacle)
 k - a +4 ring of protection (right tentacle)
Scrolls
 c - a scroll of holy word
 d - a scroll of immolation
 q - a scroll of enchant armour
 s - a scroll of vulnerability {unknown}
Potions
 b - a potion of brilliance
 e - a potion of curing
 i - a potion of attraction {unknown}
 n - a potion of flight {unknown}
 p - a potion of lignification
 r - a potion of haste {unknown}


   Skills:
 + Level 2.7 Fighting
 + Level 3.4 Dodging
 + Level 3.0 Stealth
 * Level 0.4 Shields
 + Level 3.9 Unarmed Combat
 + Level 3.1 Spellcasting
 + Level 3.3 Transmutations
 * Level 4.0 Poison Magic


You had 6 spell levels left.
You knew the following spells:

 Your Spells              Type           Power      Damage    Failure   Level
a - Beastly Appendage     Tmut           24%        N/A       7%          1
b - Wereblood             Tmut           12%        N/A       11%         2
c - Spider Form           Tmut/Pois      13%        N/A       17%         3

Your spell library contained the following spells:

 Spells                   Type           Power      Damage    Failure   Level
 Magic Dart               Conj           8%         1d3       26%         1
 Corpse Rot               Necr/Air       4%         N/A       38%         2
 Searing Ray              Conj           4%         2d4       38%         2
 Ice Form                 Ice/Tmut       7%         N/A       80%         4
 Dispel Undead            Necr           2%         3d7       95%         4
 Fulminant Prism          Conj/Hex       1%         3d6       95%         4
 Death Channel            Necr           1%         N/A       100%        6


Dungeon Overview and Level Annotations

Branches:
Dungeon (5/15)
 Temple: D:4-7

Altars:
Kikubaaqudgha
Sif Muna
The Shining One

Annotations:
D:4 1 runed translucent door, Morbidden's ghost, amateur DsFi


Innate Abilities, Weirdness & Mutations

You cannot wear most types of armour.
You are amphibious.
You can wear up to eight rings at the same time.
Your skin changes colour to match your surroundings (Stealth+).
Your rubbery body absorbs attacks. (AC +1, EV +1)
((You are camouflaged when in or above water. (Stealth+)))
You have tentacles for arms and can constrict up to eight enemies at once.


Message History

k - a +4 ring of protection (right tentacle) Throw: 2 darts (poison)
Press: ? - help, Shift-Dir - straight line, f - centaur
Aim: a centaur (asleep, 98% to hit)
You throw a poisoned dart. The poisoned dart hits the centaur.
The centaur is poisoned.
The centaur shouts!
The centaur wields a +0 shortbow.
The centaur shoots an arrow.
The arrow hits you!
Throw: dart (poison)
Press: ? - help, Shift-Dir - straight line, f/p - centaur
Aim: a centaur, wielding a +0 shortbow (poisoned, 70% to hit)
You throw a poisoned dart. The poisoned dart hits the centaur.
The centaur looks even sicker.
The centaur shoots an arrow.
The arrow misses you.
You hear a bark!
Throw: 3 boomerangs
Press: ? - help, Shift-Dir - straight line, f/p - centaur
Aim: a centaur, wielding a +0 shortbow (lightly wounded, very poisoned, 70% to hit)
You throw a boomerang.
The boomerang barely misses the centaur.
The centaur shoots an arrow.
The arrow misses you.
The centaur shoots an arrow.
The arrow hits you!
You hear a bark! x2
Throw: 3 boomerangs
Press: ? - help, Shift-Dir - straight line, f/p - centaur
Aim: a centaur, wielding a +0 shortbow (moderately wounded, very poisoned, 70% to hit)
You throw a boomerang. The boomerang hits the centaur.
The centaur is heavily wounded.
The centaur shoots an arrow.
The arrow hits you!
The centaur shoots an arrow.
The arrow hits you!
* * * LOW HITPOINT WARNING * * *
A sky beast comes into view.
A jackal comes into view.
Okay, then.
Okay, then.
The centaur shoots an arrow.
You reflect the arrow off your +3 warlock's mirror {reflect}!
The arrow barely misses the centaur.
The centaur shoots an arrow.
The arrow hits you!
You die...

#.(..... ##..ch...
.Y....... ........#
........# ........+
........# ...
........######...
........@.......
########......##
#......# #......#
#......#
#####......#+######...
..................##...
..................#....
..................#....


You could see a sky beast (wandering), a centaur (very poisoned) and a jackal.

Vanquished Creatures
  2 phantoms (D:4)
  3 scorpions
  A necrophage (D:4)
  An orc priest (D:3)
  An orc wizard (D:3)
  Robin (D:2)
  2 adders
  A worm (D:3)
  A dart slug (D:1)
  8 orcs
  6 endoplasms
  6 giant cockroaches
  15 goblins
  14 hobgoblins
  2 jackals (D:4)
  6 kobolds
  3 quokkas
  2 ball pythons
  5 bats
  5 frilled lizards
  3 rats (D:1)
88 creatures vanquished.

Notes
Turn   | Place    | Note
-------+----------+-------------------------------------------
     0 | D:1      | Dabor the Octopode Transmuter began the quest for the Orb.
     0 | D:1      | Reached XP level 1. HP: 13/13 MP: 3/3
   341 | D:1      | Reached XP level 2. HP: 10/18 MP: 3/5
   344 | D:1      | Learned a level 2 spell: Wereblood
  1253 | D:1      | Reached XP level 3. HP: 15/23 MP: 6/6
  1429 | D:1      | Learned a level 3 spell: Spider Form
  1574 | D:2      | Found an ancient bone altar of Kikubaaqudgha.
  1574 | D:2      | Noticed Robin
  1600 | D:2      | Killed Robin
  1601 | D:2      | Reached skill level 1 in Poison Magic
  1828 | D:2      | You fall into a shaft and drop 2 floors!
  1841 | D:4      | Reached XP level 4. HP: 27/28 MP: 7/7
  1868 | D:4      | Noticed a phantom
  1886 | D:4      | Noticed a scorpion
  1905 | D:4      | Killed a scorpion
  1906 | D:4      | Reached skill level 1 in Stealth
  1906 | D:4      | Reached skill level 2 in Poison Magic
  1906 | D:4      | Reached XP level 5. HP: 17/34 MP: 8/8
  2443 | D:3      | Found a faded altar of an unknown god.
  2473 | D:3      | Prayed at the altar of an unknown god.
  2473 | D:3      | Became a worshipper of Sif Muna the Loreminder
  2473 | D:3      | Reached * piety under Sif Muna
  2527 | D:3      | Found a glowing golden altar of the Shining One.
  2815 | D:3      | Fell from the grace of Sif Muna
  3007 | D:4      | Reached XP level 6. HP: 39/39 MP: 10/10
  3170 | D:4      | Reached skill level 3 in Poison Magic
  3288 | D:4      | Reached XP level 7. HP: 10/45 MP: 11/11
  3990 | D:4      | Found a runed translucent door.
  4000 | D:4      | Noticed Morbidden's ghost (amateur DsFi)
  4190 | D:4      | Identified a scroll of acquirement
  4194 | D:4      | Acquired the +3 warlock's mirror {reflect}
  4194 | D:4      | Found the +3 warlock's mirror {reflect}
  4233 | D:5      | Entered Level 5 of the Dungeon
  4318 | D:5      | Reached skill level 4 in Poison Magic
  4342 | D:5      | Shot with an arrow by a centaur

Illustrated notes

Levels and vault maps discovered:
D:1:      roderic_octagonal_star, layout_basic, wad_floor_pattern_untrapped
D:2:      layout_loops_ring, serial_shops, shop, basic_altar, uniq_robin
D:3:      layout_basic, amcnicky_altar_gilded, dreamdust_ecumenical_altar_grove,
          solitary_fountain
D:4:      layout_loops_ring, gammafunk_ghost_grave
D:5:      layout_gridville, gammafunk_ghost_icy, solitary_fountain,
          kennysheep_windowed_goal

Skill      XL: |  1  2  3  4  5  6  7 |
---------------+----------------------+-----
Poison Magic   | 1 2 3 4 |  4.0
Stealth        | 1 2 3 |  3.0
Fighting       | 2 |  2.7
Dodging        | 3 |  3.4
Transmutations | 3 |  3.3
Spellcasting   | 3 |  3.1
Shields        | |  0.4
Unarmed Combat | |  3.9

Action                   |  1- 3 |  4- 6 |  7- 9 || total
-------------------------+-------+-------+-------++-------
Melee: Unarmed           |    85 |   118 |    17 ||   220
       Constrict         |    22 |    24 |     2 ||    48
       Kick              |     6 |     7 |       ||    13
       Tentacles         |    15 |    23 |     3 ||    41
       Punch             |     3 |     4 |       ||     7
Throw: Javelin           |       |     6 |     2 ||     8
       Dart              |       |       |     6 ||     6
       Boomerang         |       |       |     6 ||     6
 Cast: Beastly Appendage |     4 |     3 |     2 ||     9
       Wereblood         |     2 |     4 |     1 ||     7
       Spider Form       |     1 |       |     2 ||     3
Invok: Renounce Religion |       |     1 |       ||     1
  Use: Potion            |       |     5 |       ||     5
       Scroll            |       |     1 |     5 ||     6
 Stab: Sleeping          |     6 |     7 |     3 ||    16
Armor: Skin              |     7 |     7 |       ||    14
Dodge: Dodged            |    39 |    74 |    10 ||   123
Block: Buckler           |       |       |     1 ||     1
       Reflection        |       |       |     1 ||     1

Table legend: (Time is in decaauts)
 A = Elapsed time spent in this place.
 B = Non-inter-level travel time spent in this place.
 C = Inter-level travel time spent in this place.
 D = Time resting spent in this place.
 E = Time spent auto-exploring this place.
 F = Levels seen in this place.
 G = Mean time per level.
                   A        B        C        D        E       F      G
               +--------+--------+--------+--------+--------+-----+--------+
         Total |   4334 |   4269 |     65 |    530 |   3007 |   5 |  866.8 |
       Dungeon |   4334 |   4269 |     65 |    530 |   3007 |   5 |  866.8 |
               +--------+--------+--------+--------+--------+-----+--------+

Top non-repeatable levels by time:
     D:1: 1768 daAuts
     D:4: 1526 daAuts
     D:3: 873 daAuts
     D:5: 110 daAuts
     D:2: 55 daAuts
